 Dungeon Crawl Stone Soup version 0.17.0-28-g6e173f8 (webtiles) character file.

1354 homeworkjunkie the Covert (level 8, -3/40 HPs)
             Began as a Spriggan Assassin on Dec 1, 2015.
             Was a Believer of Okawaru.
             Slain by an orc warrior
             ... wielding a +0 short sword of electrocution
              (8 damage)
             ... on level 7 of the Dungeon.
             The game lasted 00:16:35 (7828 turns).

homeworkjunkie the Covert (Spriggan Assassin)       Turns: 7828, Time: 00:16:35

Health: -3/40      AC:  5    Str:  7    XL:     8   Next: 37%
Magic:  0/11       EV: 24    Int: 12    God:    Okawaru [**....]
Gold:   291        SH:  0    Dex: 20    Spells: 1 memorised, 6 levels left

rFire  + . .     SeeInvis +     a - +2 dagger
rCold  . . .     Clarity  .     c - +0 robe
rNeg   . . .     SustAt   .     (shield restricted)
rPois  .         Gourm    .     (helmet restricted)
rElec  .         Spirit   +     d - +2 cloak
rCorr  .         Warding  .     (gloves unavailable)
rMut   .         Stasis   .     (boots unavailable)
MR     +....                    r - amulet of guardian spirit
Stlth  +++++.....               (no ring)
                                v - ring of protection from fire

@: very quick, somewhat resistant to hostile enchantments, quite stealthy
A: unfitting armour, see invisible, herbivore 3, speed 3, slow metabolism 2
a: Heroism, Renounce Religion


You were on level 7 of the Dungeon.
You worshipped Okawaru.
Okawaru was pleased with you.
You were not hungry.

You visited 1 branch of the dungeon, and saw 8 of its levels.

You collected 291 gold pieces.

Inventory:

Hand Weapons
 a - a +2 dagger (weapon)
 b - a +0 blowgun
Missiles
 e - 13 poisoned needles
 f - 2 curare-tipped needles
 n - 88 sling bullets
Armour
 c - a +0 robe (worn)
 d - a +2 cloak (worn)
Jewellery
 r - an amulet of guardian spirit (around neck)
 v - a ring of protection from fire (left hand)
Wands
 k - a wand of polymorph (6)
 s - a wand of magic darts (0)
Scrolls
 m - 2 scrolls of teleportation
 p - 6 scrolls of identify
 x - a scroll of remove curse
Potions
 h - a potion of mutation
 l - a potion of flight
 o - 3 potions of lignification
 q - 3 potions of berserk rage
 t - 2 potions of ambrosia
 u - a potion of might
 w - a potion of haste
Books
 i - a book of Cantrips

   Spells                             Type                      Level
   a - Corona                         Hexes                        1
   b - Animate Skeleton               Necromancy                   1
   c - Summon Small Mammal            Summoning                    1
   d - Apportation                    Translocation                1
Comestibles
 g - 7 bread rations


   Skills:
 * Level 3.3 Fighting
 * Level 4.1 Short Blades
 * Level 4.7 Throwing
 * Level 7.4 Dodging
 * Level 9.7 Stealth
 + Level 0.2 Spellcasting
 + Level 0.2 Summonings
 * Level 3.8 Evocations


You had 6 spell levels left.
You knew the following spells:

 Your Spells              Type           Power        Failure   Level  Hunger
a - Summon Small Mammal   Summ           #...         34%         1    ##.....


Dungeon Overview and Level Annotations

Branches:
Dungeon (8/15)             Temple (0/1) D:4
   Lair: D:8-11

Altars:
Dithmenos
Kikubaaqudgha
Makhleb
Okawaru
Ru
Sif Muna
Vehumet
Xom
Zin

Shops:
D:4 !


Innate Abilities, Weirdness & Mutations

You are tiny and cannot use many weapons and most armour.
You have supernaturally acute eyesight.
You are a herbivore.
You cover ground extremely quickly.
You need consume almost no food.


Message History

Really attack while wielding your +0 blowgun? [Y]es or [N]o only, please.
Really attack while wielding your +0 blowgun? [Y]es or [N]o only, please.
Really attack while wielding your +0 blowgun? [Y]es or [N]o only, please.
Really attack while wielding your +0 blowgun? [Y]es or [N]o only, please.
Really attack while wielding your +0 blowgun? [Y]es or [N]o only, please.
Really attack while wielding your +0 blowgun?
Okay, then.
Wield which item (- for none, * to show all)? (? for menu, Esc to quit)
a - a +2 dagger (weapon)
You closely miss the orc warrior.
The orc warrior is almost dead.
The orc warrior hits you with a short sword of electrocution!
* * * LOW HITPOINT WARNING * * *
You are electrocuted!
You die...

####### ####### ......#
#.....##### ......#
#)....#@^.# ......#
#.....'o..# ......#
#.....#o).# ......#
#>)...#...#
......####.)...##(## ##
####......##'###..##..##
# #......#...#......$.#
+ #....[.+...#.((...(.#
# #......#####..###..##


You could see an orc warrior and an orc.

Vanquished Creatures
  The ghost of DEFE the Ducker, an amateur SpFi (D:3)
  A sky beast (D:5)
  A phantom (D:6)
  2 orc warriors (D:7)
  An ice beast (D:5)
  A centaur (D:6)
  A giant frog (D:6)
  A scorpion (D:4)
  A crimson imp (D:6)
  2 hounds
  A giant frog skeleton (D:6)
  A worker ant (D:4)
  An iguana (D:5)
  2 orc wizards
  2 orc priests (D:7)
  A centaur skeleton (D:6)
  A worker ant zombie (D:6)
  10 gnolls
  6 adders
  A shadow imp (D:3)
  An ooze (D:1)
  4 worms
  7 orcs (D:7)
  8 bats
  4 giant cockroaches
  7 goblins
  6 hobgoblins
  12 kobolds
  3 quokkas
  3 ball pythons
  2 giant geckos
  4 giant newts
  10 jackals
  4 rats
113 creatures vanquished.

Vanquished Creatures (others)
  A human (D:4)
  A giant gecko (D:2)
2 creatures vanquished.

Grand Total: 115 creatures vanquished

Notes
Turn   | Place    | Note
--------------------------------------------------------------
     0 | D:1      | homeworkjunkie the Spriggan Assassin began the quest for the Orb.
     0 | D:1      | Reached XP level 1. HP: 10/10 MP: 2/2
    51 | D:2      | Reached skill level 6 in Stealth
    51 | D:2      | Reached XP level 2. HP: 14/14 MP: 3/3
   363 | D:1      | Reached skill level 7 in Stealth
   503 | D:1      | Reached XP level 3. HP: 18/18 MP: 4/4
  1364 | D:4      | Found Bigaumn's Distillery.
  1364 | D:4      | Found an iron altar of Okawaru.
  1369 | D:4      | Became a worshipper of Warmaster Okawaru
  1500 | D:2      | Found a radiant altar of Vehumet.
  1521 | D:2      | Found a sacrificial altar of Ru.
  1521 | D:2      | Noticed an orc wizard
  1548 | D:2      | Killed an orc wizard
  1548 | D:2      | Reached XP level 4. HP: 8/23 MP: 5/5
  1933 | D:2      | Found a burning altar of Makhleb.
  2279 | D:3      | Reached skill level 8 in Stealth
  2318 | D:3      | Noticed DEFE's ghost (amateur SpFi)
  2348 | D:5      | Entered Level 5 of the Dungeon
  2443 | D:4      | Reached XP level 5. HP: 18/26 MP: 6/6
  2511 | D:4      | Found an ancient bone altar of Kikubaaqudgha.
  2560 | D:4      | Found a staircase to the Ecumenical Temple.
  2993 | D:4      | Noticed a human
  2996 | D:4      | Killed a human
  3394 | D:3      | Found a deep blue altar of Sif Muna.
  3662 | D:3      | Killed DEFE's ghost
  3662 | D:3      | Reached * piety under Okawaru
  3662 | D:3      | Reached skill level 1 in Evocations
  3662 | D:3      | Reached XP level 6. HP: 10/32 MP: 7/7
  4098 | D:4      | Noticed a scorpion
  4102 | D:4      | Found a shimmering altar of Xom.
  4103 | D:4      | Killed a scorpion
  4181 | D:5      | Noticed an ice beast
  4197 | D:5      | Killed an ice beast
  4197 | D:5      | Reached skill level 5 in Dodging
  4454 | D:5      | Found a glowing silver altar of Zin.
  4781 | D:5      | Reached XP level 7. HP: 22/35 MP: 8/10
  6163 | D:6      | Learned a level 1 spell: Summon Small Mammal
  6533 | D:6      | Reached skill level 9 in Stealth
  6565 | D:6      | Reached ** piety under Okawaru
  6624 | D:6      | Reached XP level 8. HP: 18/40 MP: 11/11
  6919 | D:6      | Found a shadowy altar of Dithmenos.
  7828 | D:7      | Slain by an orc warrior

Action                   |  1- 3 |  4- 6 |  7- 9 || total
-------------------------+-------+-------+-------++-------
Melee: Dagger            |   128 |   147 |   113 ||   388
 Fire: Blowgun           |    13 |    37 |    93 ||   143
 Cast: Summon Small Mamm |       |       |     4 ||     4
Evoke: Wand              |       |    21 |     5 ||    26
  Use: Scroll            |     4 |    15 |     3 ||    22
       Potion            |       |     1 |     2 ||     3
 Stab: Sleeping          |    14 |     7 |    13 ||    34
       Paralysed         |       |     1 |       ||     1
       Distracted        |       |     1 |       ||     1
  Eat: Bread ration      |       |     1 |       ||     1
       Pizza             |       |     1 |       ||     1
